 Dungeon Crawl Stone Soup version 0.27-a0-1137-g3ef0f4ec91 (webtiles) character file.

Game seed: 2986754111357462104

65 Vomitron the Ducker (level 4, -3/34 HPs)
             Began as a Djinni Gladiator on May 6, 2021.
             Slain by a water moccasin (7 damage)
             ... on level 2 of the Dungeon.
             The game lasted 00:02:45 (1773 turns).

Vomitron the Ducker (Djinni Gladiator)              Turns: 1773, Time: 00:02:46

Health: -3/34      AC:  5    Str: 14    XL:     4   Next: 14%
Gold:   91         EV: 13    Int:  9    God:
                   SH:  0    Dex: 15

rFire    + + .     SeeInvis .   a - +0 long sword
rCold    x . .     Faith    .   (no shield)
rNeg     . . .     Spirit   .   b - +0 leather armour
rPois    ∞         Reflect  .   g - +2 hat
rElec    .         Harm     .   (no cloak)
rCorr    .         Rampage  .   (no gloves)
Will     .....                  (boots unavailable)
Stlth    +.........             (no amulet)
HPRegen  0.11/turn              (no ring)
MPRegen  0.00/turn              (no ring)

@: flying, very slightly contaminated
A: sickness immunity, fire resistance 2, cold vulnerability 1, float, innate
caster, hp casting, extra vitality 1
a: no special abilities


You were on level 2 of the Dungeon.
You visited 1 branch of the dungeon, and saw 2 of its levels.

You collected 91 gold pieces.

Inventory:

Hand Weapons
 a - a +0 long sword (weapon)
Missiles
 d - 3 throwing nets (quivered)
Armour
 b - a +0 leather armour (worn)
 c - a +0 helmet
 g - a +2 hat (worn)
Scrolls
 i - 3 scrolls of fog {unknown}
 j - a scroll of noise {unknown}
 k - a scroll of vulnerability {unknown}
Potions
 e - 2 potions of curing {unknown}
 f - a potion of lignification {unknown}
 h - a potion of might {unknown}
 l - a potion of brilliance {unknown}


   Skills:
 + Level 2.5 Fighting
 * Level 3.5 Long Blades
 - Level 1.5 Throwing
 + Level 3.8 Dodging
 + Level 1.0 Spellcasting


You had 4 spell levels left.
You knew the following spells:

 Your Spells              Type           Power      Damage    Failure   Level
a - Foxfire               Conj/Fire      8%         2x1d4     30%         1
Your spell library was empty.

Dungeon Overview and Level Annotations

Branches:
Dungeon (2/15)

Altars:


Innate Abilities, Weirdness & Mutations

You are immune to sickness and miasma.
You are immune to poison.
Your flesh is very heat resistant. (rF++)
You are vulnerable to cold. (rC-)
You float through the air rather than walking.
You learn spells naturally, not from books.
Your magical power is your life essence.
You have superior vitality. (+4 HP)


Message History

The foxfire hits the water moccasin but does no damage.
The water moccasin is lightly wounded.
The water moccasin barely misses you. The water moccasin closely misses you.
You riposte.
You hit the water moccasin.
The water moccasin is moderately wounded.
Casting: Foxfire (safe; 30% risk of failure)
Confirm with . or Enter, or press ? or * to list all spells.
You miscast Foxfire.
You are very lightly contaminated with residual magic.
Nothing appears to happen.
The water moccasin barely misses you.
You riposte.
You barely miss the water moccasin.
The water moccasin is moderately wounded.
Casting: Foxfire (safe; 30% risk of failure)
Confirm with . or Enter, or press ? or * to list all spells.
You don't know that spell.
Casting: Foxfire (safe; 30% risk of failure)
Confirm with . or Enter, or press ? or * to list all spells.
You conjure some foxfire!
The water moccasin bites you. The water moccasin closely misses you.
Unknown command.
Unknown command.
You barely miss the water moccasin.
The water moccasin is moderately wounded.
The foxfire hits the water moccasin.
The water moccasin is moderately wounded.
The foxfire hits the water moccasin.
The water moccasin is moderately wounded.
The water moccasin bites you but does no damage. x2
Casting: Foxfire (safe; 30% risk of failure)
Confirm with . or Enter, or press ? or * to list all spells.
You miscast Foxfire.
Nothing appears to happen.
* * * LOW HITPOINT WARNING * * *
The water moccasin bites you.
* * * LOW HITPOINT WARNING * * *
Unknown command.
Unknown command.
You hit the water moccasin.
The water moccasin is heavily wounded.
The water moccasin bites you!
You die...

### ..# ..# ..#
..#########################
................@S.......>#
#.##############.#####.####
#.########...# #.# #.####
.........'...# #.# #....#
#.########...# #.# ####.#
#.########..####.# ?#
#................# .#
###########..###†# .# #
##.# #.#### ..


You could see a water moccasin.

Vanquished Creatures
  An adder (D:2)
  A dart slug (D:1)
  5 endoplasms
  4 giant cockroaches
  5 goblins
  6 hobgoblins
  2 jackals (D:1)
  5 ball pythons
  3 bats (D:1)
  7 frilled lizards
  5 kobolds
  5 rats
49 creatures vanquished.

Vanquished Creatures (others)
  16 foxfires (D:2)
16 creatures vanquished.

Grand Total: 65 creatures vanquished

Notes
Turn   | Place    | Note
-------+----------+-------------------------------------------
     0 | D:1      | Vomitron the Djinni Gladiator began the quest for the Orb.
     0 | D:1      | Reached XP level 1. HP: 18/18 MP: 0/0
    44 | D:1      | Reached XP level 2. HP: 21/23 MP: 0/0
   424 | D:1      | Reached XP level 3. HP: 25/28 MP: 0/0
   424 | D:1      | Learned a level 1 spell: Foxfire
  1284 | D:2      | Reached skill level 1 in Spellcasting
  1353 | D:2      | Reached XP level 4. HP: 34/34 MP: 0/0
  1447 | D:2      | Found a faded altar of an unknown god.
  1753 | D:2      | Noticed a water moccasin
  1773 | D:2      | Slain by a water moccasin

Illustrated notes

Levels and vault maps discovered:
D:1:      dpeg_arrival_arbitrary_b, layout_basic, minmay_misc_feat_room,
          minmay_vboxes
D:2:      layout_basic, ebering_ecumenical_altar_webs, grunt_decor_cap,
          st_stairs_5

Skill      XL: |  1  2  3 |
---------------+----------+-----
Long Blades    | 3 |  3.5
Spellcasting   | 1 |  1.0
Fighting       | |  2.5
Throwing       | |  1.5
Dodging        | |  3.8

Action                   |  1- 3 |  4- 6 || total
-------------------------+-------+-------++-------
Melee: Long sword        |    95 |    18 ||   113
 Cast: Foxfire           |     4 |     5 ||     9
 Stab: Sleeping          |     1 |       ||     1
Armor: Leather armour    |    30 |     6 ||    36
Dodge: Dodged            |    75 |    17 ||    92
       Rpst.: Long sword |    26 |     5 ||    31

Table legend: (Time is in decaauts)
 A = Elapsed time spent in this place.
 B = Non-inter-level travel time spent in this place.
 C = Inter-level travel time spent in this place.
 D = Time resting spent in this place.
 E = Time spent auto-exploring this place.
 F = Levels seen in this place.
 G = Mean time per level.
                   A        B        C        D        E       F      G
               +--------+--------+--------+--------+--------+-----+--------+
         Total |   1800 |   1739 |     61 |    254 |   1156 |   2 |  900.0 |
       Dungeon |   1800 |   1739 |     61 |    254 |   1156 |   2 |  900.0 |
               +--------+--------+--------+--------+--------+-----+--------+

Top non-repeatable levels by time:
     D:1: 1107 daAuts
     D:2: 693 daAuts
